 Dungeon Crawl Stone Soup version 0.30-a0-691-g754fce4c43 (webtiles) character file.

Game seed: 18429160445919262036

315 Citaku the Shield-Bearer (level 6, -3/49 HPs)
             Began as a Formicid Fighter on Jan 19, 2023.
             Slain by a gnoll
             ... wielding a +0 halberd
              (7 damage)
             ... on level 5 of the Dungeon.
             The game lasted 00:04:08 (2433 turns).

Citaku the Shield-Bearer (Formicid Fighter)         Turns: 2433, Time: 00:04:08

Health: -3/49      AC:  7    Str: 23    XL:     6   Next: 72%
Magic:  6/6        EV:  9    Int:  7    God:
Gold:   67         SH:  5    Dex: 13    Spells: 5/5 levels left

rFire   . . .      SeeInvis +    a - +0 war axe
rCold   . . .      Faith    .    c - +0 buckler
rNeg    . . .      Spirit   .    b - +0 scale mail
rPois   .          Reflect  .    (helmet unavailable)
rElec   .          Harm     .    (no cloak)
rCorr   .          Rampage  .    (no gloves)
Will    .....                    (no boots) Stlth
                                 j - amulet of regeneration
HPRegen 1.08/turn                (no ring)
MPRegen 0.10/turn                (no ring)

@: no status effects
A: permanent stasis, dig shafts and tunnels, antennae 3, four strong arms
a: Dig, Shaft Self


You were on level 5 of the Dungeon.
You visited 1 branch of the dungeon, and saw 4 of its levels.

You collected 115 gold pieces.
You spent 48 gold pieces at shops.

Inventory:

Hand Weapons
 a - a +0 war axe (weapon)
Armour
 b - a +0 scale mail (worn)
 c - a +0 buckler (worn)
Jewellery
 j - an amulet of regeneration (around neck)
Scrolls
 e - a scroll of fog {unknown}
 i - a scroll of butterflies {unknown}
 m - a scroll of noise {unknown}
 n - 4 scrolls of teleportation {unknown}
 o - a scroll of immolation {unknown}
 p - a scroll of enchant armour {unknown}
Potions
 d - a potion of might
 f - 4 potions of brilliance
 g - 2 potions of mutation
 h - 2 potions of magic
 k - a potion of flight
 l - 3 potions of curing
 q - a potion of lignification
 r - a potion of attraction {unknown}
 s - a potion of ambrosia {unknown}
 t - a potion of heal wounds {unknown}


   Skills:
 + Level 4.3 Fighting
 * Level 4.1 Axes
 * Level 5.1 Armour
 + Level 5.3 Shields


You had 5 spell levels left.
You didn't know any spells.
Your spell library contained the following spells:

 Spells                   Type           Power      Damage    Failure   Level
 Apportation              Tloc           0%         N/A       80%         1
 Necrotise                Necr           0%         1d4       80%         1
 Summon Small Mammal      Summ           0%         N/A       80%         1
 Lesser Beckoning         Tloc           0%         N/A       90%         2
 Momentum Strike          Conj/Tloc      0%         3d8       90%         2
 Gell's Gravitas          Tloc           0%         N/A       99%         3
 Teleport Other           Tloc           0%         N/A       99%         3
 Dispersal                Tloc           0%         N/A       100%        6
 Blink                    Tloc           Unusable   N/A       N/A         2

Dungeon Overview and Level Annotations

Branches:
Dungeon (3/15)

Altars:
Hepliaklqana
Uskayaw
Zin

Shops:
D:2 ?


Innate Abilities, Weirdness & Mutations

You cannot be hasted, slowed, berserked, paralysed or teleported.
You can dig through walls and to a lower floor.
You have a pair of large antennae on your head. (SInv)
Your four strong arms can wield two-handed weapons with a shield.


Message History

You barely miss the gnoll. The gnoll hits you with a +0 spear.
The gnoll hits you from afar with a +0 halberd!
You are too injured to fight recklessly!
You are too injured to fight recklessly!
You are too injured to fight recklessly!
You are too injured to fight recklessly!
You are too injured to fight recklessly!
You are too injured to fight recklessly!
You are too injured to fight recklessly!
You are too injured to fight recklessly!
You are too injured to fight recklessly!
You are too injured to fight recklessly!
You are too injured to fight recklessly!
You are too injured to fight recklessly!
You are too injured to fight recklessly!
You are too injured to fight recklessly!
You are too injured to fight recklessly!
You are too injured to fight recklessly!
You barely miss the gnoll. The gnoll hits you with a +0 spear!
The gnoll barely misses you.
You slash the gnoll!
You kill the gnoll!
The gnoll barely misses you. x2
The gnoll hits you with a +0 halberd!
* * * LOW HITPOINT WARNING * * *
Things that are here:
a +0 spear; a gnoll corpse You hit the gnoll.
The gnoll is lightly wounded.
The gnoll barely misses you.
You slash the gnoll!
The gnoll is almost dead.
The gnoll hits you with a +0 halberd!
* * * LOW HITPOINT WARNING * * *
You closely miss the gnoll.
The gnoll is almost dead.
The gnoll hits you with a +0 halberd.
* * * LOW HITPOINT WARNING * * *
The gnoll hits you with a +0 halberd!
You die...

###### #.#..#
##.#..########
..#.........#
#.#####.#...#####.#
........#...# #.#
#...g@))..# #.#
............# ###.#
#.#..##.#...# #.#.#
#. #.#...###.#.# #
#.#.........#
.....####.###
#.##.####.#####
#.............#
##.####.#####


You could see a gnoll.

Vanquished Creatures
  2 orc priests (D:5)
  2 hounds (D:5)
  A jelly (D:5)
  Jessica (D:2)
  4 adders
  3 gnolls (D:5)
  A worm (D:2)
  3 dart slugs
  7 orcs
  6 endoplasms
  3 giant cockroaches
  6 goblins
  6 hobgoblins
  3 jackals (D:3)
  2 kobolds
  A quokka (D:1)
  4 ball pythons
  4 bats
  6 frilled lizards
  5 rats
70 creatures vanquished.

Notes
Turn   | Place    | Note
-------+----------+-------------------------------------------
     0 | D:1      | Citaku the Formicid Fighter began the quest for the Orb.
     0 | D:1      | Reached XP level 1. HP: 18/18 MP: 1/1
    66 | D:1      | Reached XP level 2. HP: 14/24 MP: 2/2
   429 | D:1      | Reached XP level 3. HP: 29/29 MP: 3/3
   949 | D:2      | Reached XP level 4. HP: 36/37 MP: 4/4
  1111 | D:2      | Found Kineow's Magic Scroll Emporium.
  1144 | D:2      | Bought a scroll of identify for 24 gold pieces
  1144 | D:2      | Bought a scroll of identify for 24 gold pieces
  1300 | D:2      | Noticed Jessica
  1303 | D:2      | Killed Jessica
  1304 | D:2      | Reached XP level 5. HP: 42/42 MP: 5/5
  1815 | D:3      | Found a hazy altar of Hepliaklqana.
  1816 | D:3      | Found a faded altar of an unknown god.
  1880 | D:3      | Found a hide-covered altar of Uskayaw.
  1992 | D:3      | Found a glowing silver altar of Zin.
  2133 | D:3      | You fall into a shaft and drop 2 floors!
  2133 | D:5      | Entered Level 5 of the Dungeon
  2234 | D:5      | Reached skill level 5 in Shields
  2234 | D:5      | Reached XP level 6. HP: 9/48 MP: 6/6
  2236 | D:5      | HP: 2/48 [orc priest/nerve-wracking pain (11)]
  2359 | D:5      | Reached skill level 5 in Armour
  2433 | D:5      | Slain by a gnoll

Illustrated notes

Levels and vault maps discovered:
D:1:      dpeg_arrival_refuge, layout_basic
D:2:      layout_loops_cross, serial_shops, shop_fountains, uniq_jessica
D:3:      layout_basic, beargit_hepliaklqana_dungeon_heroes,
          minmay_overflow_temple_star_hex, mainiacjoe_overflow_catch_the_wave
D:5:      layout_basic, serial_shops, shop

Skill      XL: |  1  2  3  4  5  6 |
---------------+-------------------+-----
Armour         | 4 5 |  5.1
Axes           | 3 4 |  4.1
Fighting       | 4 |  4.3
Shields        | 5 |  5.3

Action                   |  1- 3 |  4- 6 || total
-------------------------+-------+-------++-------
Melee: War axe           |   104 |    90 ||   194
  Use: Scroll            |       |     5 ||     5
       Potion            |       |     2 ||     2
Armor: Scale mail        |    56 |    39 ||    95
Dodge: Dodged            |    48 |    60 ||   108
Block: Buckler           |    29 |    27 ||    56

Table legend: (Time is in decaauts)
 A = Elapsed time spent in this place.
 B = Non-inter-level travel time spent in this place.
 C = Inter-level travel time spent in this place.
 D = Time resting spent in this place.
 E = Time spent auto-exploring this place.
 F = Levels seen in this place.
 G = Mean time per level.
                   A        B        C        D        E       F      G
               +--------+--------+--------+--------+--------+-----+--------+
         Total |   2507 |   2444 |     63 |      0 |   1928 |   4 |  626.8 |
       Dungeon |   2507 |   2444 |     63 |      0 |   1928 |   4 |  626.8 |
               +--------+--------+--------+--------+--------+-----+--------+

Top non-repeatable levels by time:
     D:2: 913 daAuts
     D:1: 825 daAuts
     D:3: 452 daAuts
     D:5: 315 daAuts
